 Dungeon Crawl Stone Soup version 0.31-a0-1620-gcbf77bbcfc (webtiles) character file.

Game seed: 6295752366149963608

2517 Ivernyr the Blocker (level 9, -1/72 HPs)
             Began as a Formicid Fighter on Jan 11, 2024.
             Was a Believer of Zin.
             Slain by Maggie
             ... wielding a +0 long sword
              (5 damage)
             ... on level 7 of the Dungeon.
             The game lasted 00:13:22 (6494 turns).

Ivernyr the Blocker (Formicid Fighter)              Turns: 6494, Time: 00:13:22

Health: -1/72      AC:  9    Str: 24    XL:     9   Next: 83%
Magic:  10/10      EV:  9    Int:  9    God:    Zin [**....]
Gold:   297        SH:  6    Dex: 13    Spells: 8/8 levels left

rFire   . . .        a - +0 quarterstaff
rCold   + . .        c - +0 buckler
rNeg    . . .        b - +0 scale mail
rPois   .            (helmet unavailable)
rElec   .            (no cloak)
rCorr   .            y - +0 pair of gloves
SInv    +            (no boots)
Will    .....        (no amulet) Stlth
                     n - ring of protection from cold
HPRegen 0.32/turn    (no ring)
MPRegen 0.12/turn

%: no passive effects
@: on recite cooldown, mesmerised
A: permanent stasis, dig shafts and tunnels, antennae 3, four strong arms
a: Dig, Shaft Self, Renounce Religion, Recite, Vitalisation, Donate Gold


You were on level 7 of the Dungeon.
You worshipped Zin.
Zin was pleased with you.
You visited 1 branch of the dungeon, and saw 7 of its levels.

You collected 329 gold pieces.
You donated 32 gold pieces to Zin.

Inventory:

Hand Weapons
 a - a +0 quarterstaff (weapon)
Armour
 b - a +0 scale mail (worn)
 c - a +0 buckler (worn)
 y - a +0 pair of gloves (worn)
Jewellery
 n - a ring of protection from cold (left hand)
Wands
 p - a wand of mindburst (8)
 r - a wand of paralysis (6)
Scrolls
 f - 3 scrolls of amnesia {unknown}
 g - a scroll of silence {unknown}
 h - 10 scrolls of identify {unknown}
 i - a scroll of enchant armour {unknown}
 k - 3 scrolls of poison {unknown}
 l - 2 scrolls of fear {unknown}
 m - 2 scrolls of fog {unknown}
 q - a scroll of brand weapon {unknown}
 t - 2 scrolls of blinking {unknown}
 v - a scroll of torment {unknown}
 A - 2 scrolls of enchant weapon {unknown}
 B - 2 scrolls of immolation {unknown}
Potions
 d - 2 potions of might
 e - a potion of berserk rage {unknown}
 j - 3 potions of heal wounds {unknown}
 o - 4 potions of curing {unknown}
 s - a potion of ambrosia {unknown}
 u - 2 potions of degeneration {unknown}
 w - a potion of resistance {unknown}
 x - 2 potions of mutation {unknown}
 z - a potion of brilliance {unknown}
 C - a potion of lignification {unknown}


   Skills:
 + Level 7.0 Fighting
 + Level 8.1 Staves
 + Level 7.0 Armour
 + Level 8.4 Shields
 + Level 1.5 Invocations


You had 8 spell levels left.
You didn't know any spells.
Your spell library contained the following spells:

 Spells                   Type           Power      Damage    Failure   Level
 Call Imp                 Summ           0%         N/A       85%         2
 Jinxbite                 Hex            0%         N/A       85%         2
 Lesser Beckoning         Tloc           0%         N/A       85%         2
 Momentum Strike          Conj/Tloc      0%         3d8       85%         2
 Sublimation of Blood     Necr           0%         N/A       85%         2
 Brom's Barrelling Bould  Conj/Erth      0%         2d3       100%        4
 Fireball                 Conj/Fire      0%         3d3       100%        5
 Iskenderun's Battlesphe  Conj           0%         2d6       100%        5
 Yara's Violent Unravell  Hex/Alch       0%         3d3       100%        5
 Conjure Ball Lightning   Conj/Air       0%         3x3d6     100%        6
 Enfeeble                 Hex            0%         N/A       100%        7
 Orb of Destruction       Conj           0%         9d5       100%        7
 Summon Hydra             Summ           0%         N/A       100%        7
 Blink                    Tloc           Unusable   N/A       N/A         2

Dungeon Overview and Level Annotations

Branches:
Dungeon (7/15)
 Temple: D:4-7

Altars:
Ashenzari
Dithmenos
Elyvilon
Okawaru
Qazlal
Ru
Uskayaw
Zin

Annotations:
D:7 Maggie


Innate Abilities, Weirdness & Mutations

You cannot be hasted, slowed, berserked, paralysed or teleported.
You can dig through walls and to a lower floor.
You have a pair of large antennae on your head. (SInv)
Your four strong arms can wield two-handed weapons with a shield.


Message History

Maggie is lightly wounded.
You block Maggie's attack.
You sock Maggie!
Maggie is moderately wounded.
Maggie casts a spell.
Maggie attempts to bespell you!
You are mesmerised by Maggie!
You hit Maggie but do no damage.
Maggie is moderately wounded.
You thump Maggie!
Maggie is heavily wounded.
Maggie hits you with a +0 long sword!
You closely miss Maggie.
Maggie is heavily wounded.
Maggie hits you with a +0 long sword!
You hit Maggie.
Maggie is heavily wounded.
Maggie hits you with a +0 long sword.
You barely miss Maggie.
Maggie is heavily wounded.
Maggie barely misses you.
You barely miss Maggie.
Maggie is heavily wounded.
Maggie hits you with a +0 long sword.
You hit Maggie.
Maggie is severely wounded.
Maggie says, "Have you seen any dragons?"
Maggie hits you with a +0 long sword!
You barely miss Maggie.
Maggie is severely wounded.
Maggie barely misses you.
You hit Maggie but do no damage.
Maggie is severely wounded.
Maggie gestures at you while chanting. The bolt of fire hits you!!
* * * LOW HITPOINT WARNING * * *
You hit Maggie but do no damage.
Maggie is severely wounded.
Maggie hits you with a +0 long sword.
You die...

#..........##.......
....#.......#.......
.......#............
...#.##............
##.!..............
#......!..........
#.................
##.......#.<.......
#...@..#..#........
.!....@...#.##........
##........#.#.........
##...................
#....................
...#.....##....###.##.
#........##..... .#
#.............#


You could see Maggie (mesmerising).

Vanquished Creatures
  Pikel (D:6)
  Eustachio (D:6)
  Sigmund (D:5)
  A water moccasin (D:6)
  2 black bears (D:4)
  A sky beast (D:5)
  2 ogres
  A centaur (D:5)
  A lemure (D:6)
  A kobold brigand (D:6)
  Blork the orc (D:5)
  3 scorpions (D:6)
  A howler monkey (D:6)
  A bombardier beetle (D:4)
  5 hounds
  3 jellies (D:6)
  2 orc priests
  2 iguanas (D:5)
  A sleepcap (D:6)
  4 orc wizards (D:5)
  12 adders
  2 shadow imps
  2 ufetubi (D:6)
  3 ribbon worms
  25 orcs
  6 ball pythons
  9 endoplasms
  3 giant cockroaches
  7 goblins
  4 hobgoblins
  7 jackals (D:4)
  4 kobolds
  4 quokkas
  5 bats
  3 frilled lizards (D:1)
  3 rats
134 creatures vanquished.

Notes
Turn   | Place    | Note
-------+----------+-------------------------------------------
     0 | D:1      | Ivernyr the Formicid Fighter began the quest for the Orb.
     0 | D:1      | Reached XP level 1. HP: 18/18 MP: 1/1
   126 | D:1      | Found a faded altar of an unknown god.
   391 | D:1      | Reached XP level 2. HP: 24/24 MP: 2/2
  1074 | D:1      | Reached XP level 3. HP: 10/29 MP: 3/3
  1082 | D:1      | HP: 1/29 [poisoned by an adder]
  1402 | D:2      | Found a hide-covered altar of Uskayaw.
  1510 | D:2      | Reached XP level 4. HP: 27/37 MP: 4/4
  2120 | D:3      | Reached XP level 5. HP: 38/42 MP: 5/5
  2608 | D:4      | Noticed a steam dragon
  2725 | D:4      | Noticed a black bear
  2745 | D:4      | Killed a black bear
  2746 | D:4      | Reached skill level 5 in Shields
  2746 | D:4      | Reached XP level 6. HP: 33/48 MP: 6/6
  3004 | D:4      | Found a sacrificial altar of Ru.
  3006 | D:4      | Found a hide-covered altar of Uskayaw.
  3010 | D:4      | Found a broken altar of Ashenzari.
  3011 | D:4      | Found a stormy altar of Qazlal.
  3402 | D:4      | Found a glowing silver altar of Zin.
  3450 | D:4      | Became a worshipper of Zin the Law-Giver
  3450 | D:4      | Reached * piety under Zin
  3460 | D:5      | Entered Level 5 of the Dungeon
  3463 | D:5      | Noticed a black bear
  3611 | D:4      | Killed a black bear
  3612 | D:4      | Reached XP level 7. HP: 43/55 MP: 7/7
  3656 | D:5      | Noticed Blork the orc
  3658 | D:5      | Found an iron altar of Okawaru.
  3811 | D:5      | Reached skill level 5 in Staves
  3911 | D:5      | Killed Blork the orc
  3950 | D:5      | Noticed Sigmund
  3955 | D:5      | Killed Sigmund
  3956 | D:5      | Reached skill level 5 in Fighting
  3956 | D:5      | Reached skill level 5 in Armour
  3956 | D:5      | Reached XP level 8. HP: 48/62 MP: 8/8
  4467 | D:5      | Reached ** piety under Zin
  4844 | D:5      | Found a white marble altar of Elyvilon.
  5138 | D:6      | Reached XP level 9. HP: 68/69 MP: 9/9
  5232 | D:6      | Noticed Eustachio
  5266 | D:6      | Killed Eustachio
  5507 | D:6      | Found a shadowy altar of Dithmenos.
  5536 | D:6      | Noticed Pikel
  5580 | D:6      | Killed Pikel
  6211 | D:6      | Reached skill level 1 in Invocations
  6283 | D:7      | Noticed Maggie
  6494 | D:7      | Slain by Maggie

Illustrated notes

Levels and vault maps discovered:
D:1:      dpeg_arrival_connections, layout_basic, serial_rivers,
          chequers_serial_rivers_small_3, chequers_serial_rivers_large_a,
          chequers_serial_rivers_micro_e, chequers_serial_rivers_micro_d,
          chequers_serial_rivers_small_3, chequers_serial_rivers_small_3,
          nicolae_ecumenical_lake_church, minmay_ruptured
D:2:      layout_basic, basic_altar, chequers_serial_rivers_micro_c
D:3:      layout_basic, corexii_shack, item_on_display_a
D:4:      layout_basic, minitemple, zin_treasury, grunt_decor_junction,
          minmay_misc_feat_nine_boxes, lightli_corner_chamber
D:5:      layout_rooms, okawaru_ov_weapons_minmay, elyvilon_altar_3,
          uniq_blork_the_orc, uniq_sigmund
D:6:      layout_loops_ring, grunt_dithmenos_smoke, kennysheep_generic_room_4,
          uniq_pikel, uniq_eustachio
D:7:      layout_cave_pools, minmay_temple_entry_wispy, uniq_maggie,
          uniq_crazy_yiuf_cottage

Skill      XL: |  1  2  3  4  5  6  7  8  9 |
---------------+----------------------------+-----
Staves         | 3 4 5 6 8 |  8.1
Armour         | 4 5 6 7 |  7.0
Fighting       | 4 5 6 7 |  7.0
Shields        | 5 6 7 8 |  8.4
Invocations    | 1 |  1.5

Action                     |  1- 3 |  4- 6 |  7- 9 || total
---------------------------+-------+-------+-------++-------
  Melee: Quarterstaff      |    76 |   126 |   342 ||   544
 Invoke: Recite            |       |       |     4 ||     4
Ability: Dig               |       |     1 |       ||     1
   Stab: Confused          |       |       |     1 ||     1
 Armour: Scale mail        |    48 |   104 |   258 ||   410
  Dodge: Dodged            |    38 |    75 |   162 ||   275
  Block: Buckler           |    27 |    39 |   103 ||   169

Table legend: (Time is in decaauts)
 A = Elapsed time spent in this place.
 B = Non-inter-level travel time spent in this place.
 C = Inter-level travel time spent in this place.
 D = Time resting spent in this place.
 E = Time spent auto-exploring this place.
 F = Levels seen in this place.
 G = Mean time per level.
                   A        B        C        D        E       F      G
               +--------+--------+--------+--------+--------+-----+--------+
         Total |   6551 |   6401 |    150 |   1489 |   3552 |   7 |  935.9 |
       Dungeon |   6551 |   6401 |    150 |   1489 |   3552 |   7 |  935.9 |
               +--------+--------+--------+--------+--------+-----+--------+

Top non-repeatable levels by time:
     D:6: 1471 daAuts
     D:4: 1309 daAuts
     D:1: 1248 daAuts
     D:5: 1115 daAuts
     D:3: 831 daAuts
     D:2: 538 daAuts
     D:7: 36 daAuts
